 Dungeon Crawl Stone Soup version 0.21.0-36-ge3e1d5aaab (webtiles) character file.

239 Gargoyl the Skirmisher (level 6, -8/53 HPs)
             Began as a Gnoll Abyssal Knight on Jan 30, 2018.
             Was a Believer of Lugonu.
             Mangled by an orc
             ... wielding a +0 morningstar
              (9 damage)
             ... on level 3 of the Dungeon.
             The game lasted 00:07:21 (3271 turns).

Gargoyl the Skirmisher (Gnoll Abyssal Knight)       Turns: 3271, Time: 00:07:22

Health: -8/53      AC:  9    Str: 15    XL:     6   Next: 7%
Magic:  9/9        EV:  8    Int: 19    God:    Lugonu [**....]
Gold:   85         SH:  0    Dex: 16    Spells: 8/8 levels left

rFire    . . .     SeeInvis .   a - +1 hand axe
rCold    . . .     Gourm    .   (no shield)
rNeg     . . .     Faith    .   d - +0 chain mail
rPois    .         Spirit   .   (no helmet)
rElec    .         Reflect  .   (no cloak)
rCorr    .         Harm     .   (no gloves)
MR       .....                  (no boots)
Stlth    ..........             (no amulet)
HPRegen  0.17/turn              (no ring)
MPRegen  0.11/turn              (no ring)

@: brilliant
A: distributed training, fangs 1, strong nose
a: Depart the Abyss, Bend Space, Renounce Religion


You were on level 3 of the Dungeon.
You worshipped Lugonu.
Lugonu was pleased with you.
You were near starving.

You visited 1 branch of the dungeon, and saw 3 of its levels.
You visited the Abyss 1 time.

You collected 85 gold pieces.

Inventory:

Hand Weapons
 a - a +1 hand axe (weapon)
Armour
 b - a +0 leather armour
 d - a +0 chain mail (worn)
Jewellery
 k - an uncursed amulet of harm {unknown}
 m - an uncursed ring of fire {unknown}
 r - an uncursed ring of flight {unknown}
Scrolls
 f - 5 scrolls of identify {unknown}
 h - a scroll of remove curse {unknown}
 l - a scroll of magic mapping {unknown}
 p - a scroll of fear {unknown}
 q - a scroll of noise {unknown}
 s - a scroll of immolation {unknown}
Potions
 e - a potion of lignification {unknown}
 g - a potion of berserk rage {unknown}
 i - a potion of magic {unknown}
 j - 2 potions of brilliance
 n - a potion of degeneration {unknown}
 o - a potion of heal wounds
Comestibles
 c - 4 rations


   Skills:
 + Level 6.7 Fighting
 + Level 1.7 Short Blades
 + Level 1.7 Long Blades
 + Level 4.9 Axes
 + Level 1.7 Maces & Flails
 + Level 1.7 Polearms
 + Level 1.7 Staves
 + Level 1.7 Slings
 + Level 1.7 Bows
 + Level 1.7 Crossbows
 + Level 1.7 Throwing
 + Level 4.9 Armour
 + Level 3.1 Dodging
 + Level 1.7 Stealth
 + Level 1.7 Shields
 + Level 1.7 Unarmed Combat
 + Level 1.7 Spellcasting
 + Level 1.3 Conjurations
 + Level 1.3 Hexes
 + Level 1.3 Charms
 + Level 1.3 Summonings
 + Level 1.3 Necromancy
 + Level 1.3 Translocations
 + Level 1.3 Transmutations
 + Level 1.3 Fire Magic
 + Level 1.3 Ice Magic
 + Level 1.3 Air Magic
 + Level 1.3 Earth Magic
 + Level 1.3 Poison Magic
 + Level 5.0 Invocations
 + Level 1.7 Evocations


You had 8 spell levels left.
You didn't know any spells.

Dungeon Overview and Level Annotations

Branches:
Dungeon (3/15)

Altars:
Trog
Xom

Annotations:
D:3 Thargor's ghost, amateur BaFi


Innate Abilities, Weirdness & Mutations

Your experience applies equally to all skills.
You have very sharp teeth.
Your uncanny sense of smell can sniff out nearby items.


Message History

Your chain mail prevents you from hitting the orc.
The orc is almost dead.
The orc barely misses you.
Your chain mail prevents you from hitting the orc.
The orc is almost dead.
The orc barely misses you.
You barely miss the orc.
The orc is almost dead.
The orc hits you but does no damage.
You hit the orc but do no damage.
The orc is almost dead.
The orc hits you with a morningstar.
* * * LOW HITPOINT WARNING * * *
Your chain mail prevents you from hitting the orc.
You bite the orc, but do no damage.
The orc is almost dead.
You completely miss the orc.
The orc is almost dead.
The orc hits you with a morningstar!
You die...

.........# .#
........##'##
............
...........
#..........
#......>...
#.......... #..)...#
#.#.)@o..#
#.#......##
#.#.......#
#.#.......#
#.#.......###
#.#..........
#.#######.#.########.
.......<..†).).....#
#.......#.#.######.#


You could see an orc.

Vanquished Creatures
  A gnoll shaman (D:3)
  6 adders
  7 gnolls
  An ooze (D:1)
  3 worms (D:2)
  2 dart slugs (D:1)
  3 leopard geckos
  2 orcs (D:3)
  12 bats
  A giant cockroach (D:3)
  8 goblins
  10 hobgoblins
  5 kobolds
  3 quokkas
  4 frilled lizards
  6 rats
74 creatures vanquished.

Notes
Turn   | Place    | Note
-------+----------+-------------------------------------------
     0 | Abyss:1  | Gargoyl the Gnoll Abyssal Knight began the quest for the Orb.
     0 | Abyss:1  | Reached XP level 1. HP: 23/23 MP: 3/3
    28 | Abyss:1  | Found a hide-covered altar of Uskayaw.
    68 | Abyss:1  | Found a deep blue altar of Sif Muna.
    68 | Abyss:1  | Noticed a boggart
    69 | Abyss:1  | Noticed a kobold demonologist
    69 | Abyss:1  | Noticed a thrashing horror
    70 | Abyss:1  | Noticed a deep elf mage
    70 | Abyss:1  | Noticed a deep elf mage
    71 | Abyss:1  | Noticed an orc high priest
    71 | Abyss:1  | Noticed a boggart
    72 | Abyss:1  | Noticed an orc high priest
    72 | Abyss:1  | Noticed a crimson imp
    73 | Abyss:1  | Noticed a kobold demonologist
    73 | Abyss:1  | Noticed a large abomination
    73 | D:1      | Escaped the Abyss
    90 | D:1      | Reached * piety under Lugonu
    91 | D:1      | Reached XP level 2. HP: 21/29 MP: 5/5
   454 | D:1      | Reached XP level 3. HP: 33/35 MP: 6/6
  1086 | D:2      | Reached skill level 1 in Short Blades
  1086 | D:2      | Reached skill level 1 in Long Blades
  1086 | D:2      | Reached skill level 1 in Maces & Flails
  1086 | D:2      | Reached skill level 1 in Polearms
  1086 | D:2      | Reached skill level 1 in Staves
  1086 | D:2      | Reached skill level 1 in Slings
  1086 | D:2      | Reached skill level 1 in Bows
  1086 | D:2      | Reached skill level 1 in Crossbows
  1086 | D:2      | Reached skill level 1 in Throwing
  1086 | D:2      | Reached skill level 1 in Stealth
  1086 | D:2      | Reached skill level 1 in Shields
  1086 | D:2      | Reached skill level 1 in Unarmed Combat
  1086 | D:2      | Reached skill level 1 in Spellcasting
  1086 | D:2      | Reached skill level 1 in Evocations
  1086 | D:2      | Reached XP level 4. HP: 34/41 MP: 7/7
  1366 | D:2      | Reached ** piety under Lugonu
  1508 | D:2      | Found a shimmering altar of Xom.
  1512 | D:2      | Found a bloodstained altar of Trog.
  1572 | D:2      | Reached skill level 1 in Conjurations
  1572 | D:2      | Reached skill level 1 in Hexes
  1572 | D:2      | Reached skill level 1 in Charms
  1572 | D:2      | Reached skill level 1 in Summonings
  1572 | D:2      | Reached skill level 1 in Necromancy
  1572 | D:2      | Reached skill level 1 in Translocations
  1572 | D:2      | Reached skill level 1 in Transmutations
  1572 | D:2      | Reached skill level 1 in Fire Magic
  1572 | D:2      | Reached skill level 1 in Ice Magic
  1572 | D:2      | Reached skill level 1 in Air Magic
  1572 | D:2      | Reached skill level 1 in Earth Magic
  1572 | D:2      | Reached skill level 1 in Poison Magic
  2071 | D:2      | Reached XP level 5. HP: 30/47 MP: 8/8
  2551 | D:3      | Noticed Thargor's ghost (amateur BaFi)
  3262 | D:3      | Reached skill level 5 in Invocations
  3262 | D:3      | Reached XP level 6. HP: 12/53 MP: 9/9
  3269 | D:3      | HP: 1/53 [orc/morningstar (6)]
  3271 | D:3      | Mangled by an orc

Skill      XL: |  1  2  3  4  5 |
---------------+----------------+-----
Short Blades   | 1 |  1.7
Long Blades    | 1 |  1.7
Maces & Flails | 1 |  1.7
Polearms       | 1 |  1.7
Staves         | 1 |  1.7
Slings         | 1 |  1.7
Bows           | 1 |  1.7
Crossbows      | 1 |  1.7
Throwing       | 1 |  1.7
Stealth        | 1 |  1.7
Shields        | 1 |  1.7
Unarmed Combat | 1 |  1.7
Spellcasting   | 1 |  1.7
Evocations     | 1 |  1.7
Conjurations   | 1 |  1.3
Hexes          | 1 |  1.3
Charms         | 1 |  1.3
Summonings     | 1 |  1.3
Necromancy     | 1 |  1.3
Translocations | 1 |  1.3
Transmutations | 1 |  1.3
Fire Magic     | 1 |  1.3
Ice Magic      | 1 |  1.3
Air Magic      | 1 |  1.3
Earth Magic    | 1 |  1.3
Poison Magic   | 1 |  1.3
Dodging        | 3 |  3.1
Invocations    | 5 |  5.0
Fighting       | |  6.7
Axes           | |  4.9
Armour         | |  4.9

Action                   |  1- 3 |  4- 6 || total
-------------------------+-------+-------++-------
Melee: Hand axe          |    70 |   175 ||   245
       Bite              |     6 |    14 ||    20
       Punch             |     1 |     1 ||     2
Invok: Depart the Abyss  |     1 |       ||     1
  Use: Potion            |       |     2 ||     2
  Eat: Chunk             |     1 |     5 ||     6
Armor: Chain mail        |    50 |   114 ||   164
Dodge: Dodged            |    30 |   103 ||   133
